TOP OF THE 1ST |
---|
Louisville Bats batting - Pitching for Detroit X-Wings : RHP Jorge Madrigal | Pitching: RHP Jorge Madrigal | | Batting: RHB Danny Campbell | 0-0: Ball 1-0: Called Strike 1-1: Foul Ball, location: 2F 1-2: Strikes out swinging | Batting: LHB Ramón Morales | 0-0: Called Strike 0-1: Called Strike 0-2: Strikes out swinging | Batting: RHB John Denton | 0-0: Swinging Strike 0-1: Foul Ball, location: 2F 0-2: Foul Ball, location: 2F 0-2: Ball 1-2: Foul Ball, location: 2F 1-2: Foul Ball, location: 2F 1-2: Strikes out swinging | Top of the 1st over - 0 runs, 0 hits, 0 errors, 0 left on base; Louisville 0 - Detroit 0 | BOTTOM OF THE 1ST |
---|
Detroit X-Wings batting - Pitching for Louisville Bats : RHP Rich Townsley | Pitching: RHP Rich Townsley | | Batting: RHB Donato Gozende | 0-0: Ball 1-0: Ball 2-0: Ball 3-0: Called Strike 3-1: Ground out 6-3 (Groundball, 6) | Batting: RHB José Pérez | 0-0: Ball 1-0: Hit by Pitch | Batting: SHB Barrett Bowden | 0-0: Ball 1-0: Called Strike 1-1: Ball 2-1: Swinging Strike 2-2: Foul Ball, location: 2F 2-2: Ball 3-2: Base on Balls José Pérez to second | Batting: LHB Paul Alston | 0-0: Ball 1-0: Called Strike 1-1: Called Strike José Pérez steals 3rd base Barrett Bowden to second 1-2: Ball 2-2: Fly out, F8 (Flyball, 8RS) Runner from 3rd tags up, SCORES, throw made Barrett Bowden to third | Batting: RHB Chet Decker | 0-0: Ball 1-0: Ground out 5-3 (Groundball, 5) | Bottom of the 1st over - 1 run, 0 hits, 0 errors, 1 left on base; Louisville 0 - Detroit 1 | TOP OF THE 2ND |
---|
Louisville Bats batting - Pitching for Detroit X-Wings : RHP Jorge Madrigal | Batting: LHB George Smith | 0-0: Ball 1-0: Called Strike 1-1: Ball 2-1: Swinging Strike 2-2: Ground out 4-3 (Groundball, 34D) | Batting: RHB Juan Costello | 0-0: Ball 1-0: Ball 2-0: Swinging Strike 2-1: SINGLE (Line Drive, 56D) | Batting: RHB Juan García | 0-0: Ball 1-0: Ball Juan Costello steals 2nd base 2-0: Foul Ball, location: 2F 2-1: SINGLE (Groundball, 6MD) Juan Costello to third Runner from 3rd tries for Home, SAFE, no throw | Batting: LHB Don Soper | 0-0: Ball 1-0: Swinging Strike 1-1: Foul Ball, location: 2F 1-2: Foul Ball, location: 2F 1-2: Ball 2-2: SINGLE (Line Drive, 6) Juan García to second | Batting: RHB Enrico Ramos | 0-0: Ball 1-0: Called Strike 1-1: Foul Ball, location: 2F 1-2: Ball 2-2: Foul Ball, location: 2F 2-2: Ball 3-2: Strikes out swinging | Batting: LHB John Horton | 0-0: Ball 1-0: Ball 2-0: Ball 3-0: Called Strike 3-1: Foul Ball, location: 2F 3-2: Base on Balls Juan García to third Don Soper to second | Batting: RHB Danny Campbell | 0-0: Ball 1-0: Swinging Strike 1-1: Ball 2-1: Fielders Choice at 2nd, 6-4 (Groundball, 6) | Top of the 2nd over - 1 run, 3 hits, 0 errors, 3 left on base; Louisville 1 - Detroit 1 | BOTTOM OF THE 2ND |
---|
Detroit X-Wings batting - Pitching for Louisville Bats : RHP Rich Townsley | Batting: RHB Mario Solís | 0-0: Called Strike 0-1: Foul Ball, location: 2F 0-2: Ball 1-2: Strikes out looking | Batting: LHB Leslie Adams | 0-0: Foul Ball, location: 2F 0-1: Swinging Strike 0-2: Foul Ball, location: 2F 0-2: Ball 1-2: DOUBLE (Line Drive, 78D) | Batting: RHB Oliver Acevedo | 0-0: Called Strike 0-1: Called Strike 0-2: Ball 1-2: Fly out, F4 (Popup, 4) | Batting: RHB Yoshitsune Kamida | 0-0: Swinging Strike 0-1: Ball 1-1: Ball 2-1: Foul Ball, location: 2F 2-2: SINGLE (Line Drive, 8LS) Leslie Adams to third | Batting: RHB Donato Gozende | 0-0: SINGLE (Line Drive, 4D) Leslie Adams scores Yoshitsune Kamida to second | Batting: RHB José Pérez | 0-0: Called Strike 0-1: Foul Ball, location: 2F 0-2: Ball 1-2: SINGLE (Groundball, 6D) Yoshitsune Kamida to third Donato Gozende to second Runner from 3rd tries for Home, SAFE, no throw | Batting: SHB Barrett Bowden | 0-0: Swinging Strike 0-1: Ball 1-1: Called Strike 1-2: Strikes out swinging | Bottom of the 2nd over - 2 runs, 4 hits, 0 errors, 2 left on base; Louisville 1 - Detroit 3 | TOP OF THE 3RD |
---|
Louisville Bats batting - Pitching for Detroit X-Wings : RHP Jorge Madrigal | Batting: LHB Ramón Morales | 0-0: Ball 1-0: Ball 2-0: Ball 3-0: Called Strike 3-1: Base on Balls | Batting: RHB John Denton | 0-0: Foul Ball, location: 2F 0-1: Ball 1-1: Ball 2-1: Ball 3-1: Foul Ball, location: 2F 3-2: Fly out, F8 (Flyball, 8LM) | Batting: LHB George Smith | 0-0: Ball 1-0: SINGLE (Groundball, 4D) Ramón Morales to second Ramón Morales to third | Batting: RHB Juan Costello | 0-0: Foul Ball, location: 2F 0-1: Ball 1-1: Ball 2-1: Foul Ball, location: 2F 2-2: Foul Ball, location: 2F 2-2: Foul Ball, location: 2F 2-2: Strikes out swinging | Batting: RHB Juan García | 0-0: Ball 1-0: Called Strike 1-1: Ball 2-1: Fly out, F8 (Line Drive, 8LM) | Top of the 3rd over - 0 runs, 1 hit, 0 errors, 2 left on base; Louisville 1 - Detroit 3 | BOTTOM OF THE 3RD |
---|
Detroit X-Wings batting - Pitching for Louisville Bats : RHP Rich Townsley | Batting: LHB Paul Alston | 0-0: Called Strike 0-1: SOLO HOME RUN (Flyball, 9D), Distance : 374 ft | Batting: RHB Chet Decker | 0-0: Ball 1-0: Foul Ball, location: 2F 1-1: Swinging Strike 1-2: Strikes out swinging | Batting: RHB Mario Solís | 0-0: Called Strike 0-1: Foul Ball, location: 2F 0-2: Ball 1-2: Strikes out looking | Batting: LHB Leslie Adams | 0-0: Ball 1-0: Ball 2-0: Called Strike 2-1: Ball 3-1: Base on Balls | Batting: RHB Oliver Acevedo | 0-0: Fielders Choice at 2nd, 5-4 (Groundball, 5) | Bottom of the 3rd over - 1 run, 1 hit, 0 errors, 1 left on base; Louisville 1 - Detroit 4 | TOP OF THE 4TH |
---|
Louisville Bats batting - Pitching for Detroit X-Wings : RHP Jorge Madrigal | Batting: LHB Don Soper | 0-0: Fly out, F4 (Popup, 34D) | Batting: RHB Enrico Ramos | 0-0: Ball 1-0: Fly out, F8 (Flyball, 8LXD) | Batting: LHB John Horton | 0-0: Called Strike 0-1: Foul Ball, location: 2F 0-2: Ball 1-2: Ball 2-2: Foul Ball, location: 2F 2-2: Strikes out looking | Top of the 4th over - 0 runs, 0 hits, 0 errors, 0 left on base; Louisville 1 - Detroit 4 | BOTTOM OF THE 4TH |
---|
Detroit X-Wings batting - Pitching for Louisville Bats : RHP Rich Townsley | Batting: RHB Yoshitsune Kamida | 0-0: Foul Ball, location: 2F 0-1: Foul Ball, location: 2F 0-2: DOUBLE (Line Drive, 78M) | Batting: RHB Donato Gozende | 0-0: Ball 1-0: Ball 2-0: Ball 3-0: Base on Balls | Batting: RHB José Pérez | 0-0: Called Strike 0-1: Grounds into double play, 6-4-3 (Groundball, 6) Yoshitsune Kamida to third | Batting: SHB Barrett Bowden | 0-0: Ball 1-0: Called Strike 1-1: Ball 2-1: Called Strike 2-2: Ball 3-2: Strikes out swinging | Bottom of the 4th over - 0 runs, 1 hit, 0 errors, 1 left on base; Louisville 1 - Detroit 4 | TOP OF THE 5TH |
---|
Louisville Bats batting - Pitching for Detroit X-Wings : RHP Jorge Madrigal | Batting: RHB Danny Campbell | 0-0: Ball 1-0: Foul Ball, location: 2F 1-1: Swinging Strike 1-2: Strikes out swinging | Batting: LHB Ramón Morales | 0-0: Ball 1-0: Called Strike 1-1: Foul Ball, location: 2F 1-2: Ball 2-2: Ball 3-2: Ground out 5-3 (Groundball, 56) | Batting: RHB John Denton | 0-0: Ball 1-0: Ball 2-0: Foul Ball, location: 2F 2-1: Ball 3-1: Called Strike 3-2: Base on Balls | Batting: LHB George Smith | 0-0: Called Strike 0-1: DOUBLE (Line Drive, 3D) John Denton to third Runner from 3rd tries for Home, SAFE, no throw | Batting: RHB Juan Costello | 0-0: Called Strike 0-1: Foul Ball, location: 2F 0-2: Ball 1-2: Ball 2-2: Strikes out swinging | Top of the 5th over - 1 run, 1 hit, 0 errors, 1 left on base; Louisville 2 - Detroit 4 | BOTTOM OF THE 5TH |
---|
Detroit X-Wings batting - Pitching for Louisville Bats : RHP Rich Townsley | Batting: LHB Paul Alston | 0-0: Called Strike 0-1: Swinging Strike 0-2: Strikes out looking | Batting: RHB Chet Decker | 0-0: Called Strike 0-1: Called Strike 0-2: Foul Ball, location: 2F 0-2: Ball 1-2: Foul Ball, location: 2F 1-2: Ball 2-2: Strikes out looking | Batting: RHB Mario Solís | 0-0: Ground out 6-3 (Groundball, 6S) | Bottom of the 5th over - 0 runs, 0 hits, 0 errors, 0 left on base; Louisville 2 - Detroit 4 | TOP OF THE 6TH |
---|
Louisville Bats batting - Pitching for Detroit X-Wings : RHP Jorge Madrigal | Pitching: RHP Jeremias Pereirinha | | Batting: RHB Juan García | 0-0: Called Strike 0-1: Ball 1-1: Ball 2-1: Foul Ball, location: 2F 2-2: Fly out, F8 (Flyball, 8LD) | Batting: LHB Don Soper | 0-0: SINGLE (Line Drive, 56D) | Batting: RHB Enrico Ramos | 0-0: Called Strike 0-1: Ball 1-1: Ball Wild Pitch! Don Soper to second 2-1: Foul Ball, location: 2F 2-2: SINGLE (Groundball, 56D) Don Soper to third Runner from 3rd tries for Home, SAFE, no throw | Batting: LHB John Horton | 0-0: Foul Ball, location: 2F 0-1: Ball 1-1: Ball 2-1: Ball 3-1: Fly out, F7 (Flyball, 78M) | Batting: RHB Danny Campbell | 0-0: Ball 1-0: Ball 2-0: Ball 3-0: Swinging Strike 3-1: Fly out, F5 (Line Drive, 5) | Top of the 6th over - 1 run, 2 hits, 0 errors, 1 left on base; Louisville 3 - Detroit 4 | BOTTOM OF THE 6TH |
---|
Detroit X-Wings batting - Pitching for Louisville Bats : RHP Rich Townsley | Batting: LHB Leslie Adams | 0-0: Ball 1-0: Swinging Strike 1-1: Ball 2-1: Ground out 4-3 (Groundball, 4) | Batting: RHB Oliver Acevedo | 0-0: Called Strike | |
---|
| | 0-1: Ball 1-1: Ball 2-1: Fly out, F7 (Flyball, 78M) | Batting: RHB Yoshitsune Kamida | 0-0: Ball 1-0: Called Strike 1-1: Foul Ball, location: 2F 1-2: Strikes out looking | Bottom of the 6th over - 0 runs, 0 hits, 0 errors, 0 left on base; Louisville 3 - Detroit 4 | TOP OF THE 7TH |
---|
Louisville Bats batting - Pitching for Detroit X-Wings : RHP Jeremias Pereirinha | Batting: LHB Ramón Morales | 0-0: Ball 1-0: Ball 2-0: Swinging Strike 2-1: Ball 3-1: Base on Balls | Batting: RHB John Denton | 0-0: Ball 1-0: Called Strike Ramón Morales steals 2nd base 1-1: Foul Ball, location: 2F 1-2: Ball 2-2: Ground out 4-3 (Groundball, 4M) Ramón Morales to third | Batting: LHB George Smith | 0-0: Ball 1-0: SINGLE (Groundball, 34D) Ramón Morales scores | Pinch Hitting: LHB Mike Callahan | 0-0: Grounds into double play, 4-6-3 (Groundball, 4) | Top of the 7th over - 1 run, 1 hit, 0 errors, 0 left on base; Louisville 4 - Detroit 4 | BOTTOM OF THE 7TH |
---|
Detroit X-Wings batting - Pitching for Louisville Bats : RHP Rich Townsley | Pitching: RHP John Thompson | | Now at SS: Roberto Zamora | | Pinch Hitting: SHB Javier Jiménez | 0-0: Swinging Strike 0-1: Foul Ball, location: 2F 0-2: Strikes out swinging, 2-3 out at first. | Batting: RHB José Pérez | 0-0: Called Strike 0-1: Ball 1-1: Ball 2-1: Ball 3-1: DOUBLE (Line Drive, 89D) | Batting: SHB Barrett Bowden | 0-0: Ball 1-0: Ground out 4-3 (Groundball, 4) José Pérez to third | Batting: LHB Paul Alston | 0-0: Ball 1-0: Ball 2-0: Ball 3-0: Called Strike 3-1: Base on Balls | Batting: RHB Chet Decker | 0-0: Called Strike 0-1: Called Strike 0-2: Foul Ball, location: 2F 0-2: Strikes out swinging | Bottom of the 7th over - 0 runs, 1 hit, 0 errors, 2 left on base; Louisville 4 - Detroit 4 | TOP OF THE 8TH |
---|
Louisville Bats batting - Pitching for Detroit X-Wings : RHP Jeremias Pereirinha | Now at 3B: Domingo Ávila | | Batting: RHB Juan García | 0-0: Ball 1-0: DOUBLE (Line Drive, 78D) | Batting: LHB Don Soper | 0-0: Called Strike 0-1: Fly out, F7 (Flyball, 7LM) | Pinch Hitting: SHB Dave Henley | 0-0: Intentional Walk | Batting: LHB John Horton | 0-0: Fly out, F7 (Flyball, 78S) | Batting: RHB Danny Campbell | 0-0: Foul Ball, location: 2F 0-1: Called Strike 0-2: Ball 1-2: Foul Ball, location: 2F 1-2: Ball 2-2: SINGLE (Flyball, 78M) Juan García to third Dave Henley to second Runner from 3rd tries for Home, SAFE, no throw | Batting: LHB Ramón Morales | 0-0: Ball 1-0: Foul Ball, location: 2F 1-1: Ball 2-1: Ball 3-1: Base on Balls Dave Henley to third Danny Campbell to second | Pitching: LHP Javier Duarte | | Batting: RHB John Denton | 0-0: Ball 1-0: Foul Ball, location: 2F 1-1: Fly out, F7 (Flyball, 7D) | Top of the 8th over - 1 run, 2 hits, 0 errors, 3 left on base; Louisville 5 - Detroit 4 | BOTTOM OF THE 8TH |
---|
Detroit X-Wings batting - Pitching for Louisville Bats : RHP John Thompson | Now at 2B: Dave Henley | | Batting: RHB Mario Solís | 0-0: Called Strike 0-1: Foul Ball, location: 2F 0-2: Ball 1-2: Ball 2-2: Ground out 6-3 (Groundball, 56) | Pitching: LHP Denny Welch | | Batting: LHB Leslie Adams | 0-0: Called Strike 0-1: Swinging Strike 0-2: Ball 1-2: Ball 2-2: Foul Ball, location: 2F 2-2: Foul Ball, location: 2F 2-2: SINGLE (Line Drive, 9LS) | Pitching: LHP José Bamuelos | | Batting: RHB Oliver Acevedo | 0-0: Called Strike 0-1: Ball 1-1: Called Strike 1-2: Ball 2-2: Foul Ball, location: 2F 2-2: SINGLE (Flyball, 89M) Leslie Adams to second | Pinch Hitting: RHB Gary Witt | 0-0: Foul Ball, location: 2F 0-1: Foul Ball, location: 2F 0-2: Foul Ball, location: 2F 0-2: Ball 1-2: Ball 2-2: Foul Ball, location: 2F 2-2: Grounds into double play, 4-6-3 (Groundball, 4) | Bottom of the 8th over - 0 runs, 2 hits, 0 errors, 1 left on base; Louisville 5 - Detroit 4 | TOP OF THE 9TH |
---|
Louisville Bats batting - Pitching for Detroit X-Wings : LHP Javier Duarte | Now at SS: Enrique Aguilar | | Batting: LHB George Smith | 0-0: Called Strike 0-1: Foul Ball, location: 2F 0-2: Ground out 4-3 (Groundball, 4M) | Batting: RHB Roberto Zamora | 0-0: Called Strike 0-1: Foul Ball, location: 2F 0-2: Ball 1-2: Ball 2-2: Foul Ball, location: 2F 2-2: Strikes out swinging | Batting: RHB Juan García | 0-0: Foul Ball, location: 2F 0-1: Swinging Strike 0-2: Strikes out swinging | Top of the 9th over - 0 runs, 0 hits, 0 errors, 0 left on base; Louisville 5 - Detroit 4 | BOTTOM OF THE 9TH |
---|
Detroit X-Wings batting - Pitching for Louisville Bats : LHP José Bamuelos | Pitching: RHP Manny Canseco | | Pinch Hitting: LHB Chris Loudermilk | 0-0: Foul Ball, location: 2F 0-1: Called Strike 0-2: Ball 1-2: Strikes out looking | Batting: RHB José Pérez | 0-0: Ball 1-0: SINGLE (Groundball, 6MD) | Batting: SHB Barrett Bowden | 0-0: Swinging Strike 0-1: Foul Ball, location: 2F 0-2: Foul Ball, location: 2F 0-2: Ball 1-2: Ball 2-2: Ball 3-2: Strikes out swinging | Batting: LHB Paul Alston | 0-0: Called Strike 0-1: Ball 1-1: Ball 2-1: Foul Ball, location: 2F 2-2: Ball 3-2: Fly out, F9 (Flyball, 9D) | Bottom of the 9th over - 0 runs, 1 hit, 0 errors, 1 left on base; Louisville 5 - Detroit 4 | | Saturday, December 16th, 2017 - OOTP Baseball 18.8 Build 76 | |